 Dungeon Crawl Stone Soup version 0.31-a0-986-g5e6e4ef867 (webtiles) character file.

Game seed: 7844054563740852088

886 AppTheSpectato the Thaumaturge (level 7, -1/36 HPs)
             Began as a Deep Elf Summoner on Nov 13, 2023.
             Was an Initiate of Hepliaklqana.
             Shot with an arrow by a centaur (10 damage)
             ... on level 5 of the Dungeon on Nov 14, 2023.
             The game lasted 00:20:13 (3998 turns).

AppTheSpectato the Thaumaturge (Deep Elf Summoner)  Turns: 3998, Time: 00:20:14

Health: -1/36      AC:  3    Str:  5 (6)  XL:     7   Next: 76%
Magic:  25/29      EV: 12    Int: 28 (29) God:    Hepliaklqana [......]
Gold:   299        SH:  0    Dex: 14      Spells: 15/22 levels left

rFire   . . .        h - +5 spear "Ycimaell" {freeze, *Corrode rElec Str+2 Int+3}
rCold   . . .        (no shield)
rNeg    . . .        a - +0 robe
rPois   +            q - +0 helmet
rElec   +            (no cloak)
rCorr   .            (no gloves)
SInv    .            (no boots)
Will    .....        (no amulet)
Stlth   ++           p - ring of poison resistance
HPRegen 0.26/turn    g - ring of magical power
MPRegen 0.21/turn

%: corrode self (3%)
@: no status effects
A: clever 1, deterioration 1
a: Renounce Religion


You were on level 5 of the Dungeon.
You worshipped Hepliaklqana.
Hepliaklqana was noncommittal.
You visited 2 branches of the dungeon, and saw 6 of its levels.
You also visited: Ossuary.

You collected 299 gold pieces.

Inventory:

Hand Weapons
 h - the +5 spear "Ycimaell" (weapon) {freeze, *Corrode rElec Str+2 Int+3}
   (You found it on level 2 of the Dungeon)

   Str+2:     It affects your strength (+2).
   Int+3:     It affects your intelligence (+3).
   rElec:     It insulates you from electricity.
   *Corrode:  It may corrode you when you take damage.
Armour
 a - a +0 robe (worn)
 q - a +0 helmet (worn)
Magical Staves
 o - a staff of conjuration
Jewellery
 g - a ring of magical power (right hand)
 k - an amulet of guardian spirit
 p - a ring of poison resistance (left hand)
Wands
 f - a wand of roots (10)
Scrolls
 e - a scroll of torment {unknown}
 i - a scroll of amnesia {unknown}
 j - a scroll of vulnerability {unknown}
 l - 2 scrolls of teleportation
 n - a scroll of immolation {unknown}
 r - a scroll of blinking {unknown}
Potions
 b - a potion of magic
 c - 6 potions of curing
 d - 3 potions of haste
 m - 3 potions of attraction
 s - a potion of lignification {unknown}
 u - a potion of berserk rage {unknown}
 v - a potion of enlightenment {unknown}


   Skills:
 - Level 2.4 Dodging
 - Level 2.4 Stealth
 + Level 8.0 Spellcasting
 + Level 2.5 Conjurations
 - Level 2.0 Hexes
 + Level 7.5 Summonings
 - Level 2.0 Translocations


You had 15 spell levels left.
You knew the following spells:

 Your Spells              Type           Power      Damage    Failure   Level
a - Summon Small Mammal   Summ           100%       N/A       1%          1
b - Call Canine Familiar  Summ           52%        N/A       1%          3
c - Summon Guardian Gole  Hex/Summ       38%        N/A       1%          3

Your spell library contained the following spells:

 Spells                   Type           Power      Damage    Failure   Level
 Call Imp                 Summ           100%       N/A       1%          2
 Blink                    Tloc           44%        N/A       3%          2
 Lesser Beckoning         Tloc           44%        N/A       3%          2
 Momentum Strike          Conj/Tloc      48%        3d9       3%          2
 Ensorcelled Hibernation  Hex/Ice        32%        N/A       4%          2
 Passwall                 Tmut/Erth      9%         N/A       8%          2
 Animate Armour           Summ/Erth      64%        N/A       11%         4
 Summon Lightning Spire   Summ/Air       32%        N/A       11%         4
 Swiftness                Air            11%        N/A       14%         3
 Iskenderun's Battlesphe  Conj           25%        2d8       43%         5
 Lee's Rapid Deconstruct  Erth           5%         3d6*      80%         5
 Bombard                  Conj/Erth      9%         9d2       99%         6
 Spellforged Servitor     Conj/Summ      19%        N/A       99%         7


Dungeon Overview and Level Annotations

Branches:
Dungeon (5/15)             Temple (1/1) D:5         Ossuary (visited)

Altars:
Ashenzari
Cheibriados
Dithmenos
Elyvilon
Fedhas
Gozag
Hepliaklqana
Kikubaaqudgha
Nemelex Xobeh
Qazlal
Trog
Uskayaw
Vehumet
Yredelemnul
The Shining One


Innate Abilities, Weirdness & Mutations

Your mind is acute. (Int +4, Str/Dex -1)
Your body sometimes deteriorates upon taking damage.


Message History

The iguana barely misses your wolf.
Your wolf misses the iguana.
You could not reach far enough!
Your wolf bites the iguana.
The iguana barely misses your wolf.
Your wolf bites the iguana.
The iguana dies!
Your Spellcasting skill increases to level 8!
No target in view!
You swap places.
You see here an iguana corpse.
You now have 299 gold pieces (gained 12).
You swap places.
Your wolf disappears in a puff of smoke!
You see here an iguana corpse.
Found 6 javelins.
You see here 6 javelins.
You see here 6 javelins.
A centaur comes into view.
Found a square fluorescent amulet.
Okay, then.
You swap places.
You swap places.
The centaur wields a +0 shortbow.
The centaur shoots an arrow.
The arrow barely misses you.
The centaur shoots an arrow.
The arrow hits you!
Your body deteriorates!
You feel dopey.
Found a stone staircase leading down.
You swap places.
The centaur shoots an arrow.
The arrow hits your wolf.
The centaur shoots an arrow.
The arrow hits your wolf!
Your wolf bites the centaur.
The centaur shoots an arrow.
The arrow hits your wolf!
Your wolf bites the centaur.
You could not reach far enough!
Your wolf barely misses the centaur.
The centaur shoots an arrow.
The arrow hits your wolf.
Your wolf dies!
Your wolf's corpse disappears in a puff of smoke!
The centaur shoots an arrow.
The arrow hits you!
You are too injured to fight recklessly!
Casting: Call Canine Familiar (safe; 1% risk of failure)
Press: ? - help, Q - select action, (/) - cycle Dir - look around, f - activate The centaur shoots an arrow.
The arrow hits you!
* * * LOW HITPOINT WARNING * * *
Your body deteriorates!
You feel weakened.
The centaur shoots an arrow.
The arrow hits you!
You die...

##.#.....^# #......
#..######.#######≈ ##......
#### #.........≈ #.......
#..#######≈ #....... #..#
#....... #..# .#>#.......
#..# #####."...#....>.. #..#
#.§c....###....... #..#
#@#######.#....... #..# #h#
#.....#....... #..### #.#
#.#...+....... #....# #.#
#.###.#....... #....# #.#
#........#####
########....####.# #####.##.#
....†............# #.##.#
########.#.#############.##.#
#......#.........#......#.#


You could see a centaur (ally target) and a friendly wolf (summoned).

Vanquished Creatures
  An iguana (D:5)
  An orc wizard (D:5)
  The ghost of JumpingJurisdiction the Caller, a weakling TeSu (D:3)
  A mummy (Ossuary)
  4 adders
  2 worms (D:2)
  3 orcs
  A ball python (D:2)
  A bat (D:2)
  3 endoplasms
  2 giant cockroaches (D:4)
  3 goblins
  A quokka (D:4)
  2 gnoll zombies (Ossuary)
  A goblin zombie (D:4)
  A kobold (D:3)
28 creatures vanquished.

Vanquished Creatures (collateral kills)
  2 black bears
  An ogre (D:5)
  A phantom (D:5)
  2 water moccasin zombies (Ossuary)
  A howler monkey (D:4)
  A hound (D:4)
  A human zombie (D:4)
  Ijyb (D:5)
  An iguana (D:5)
  A mummy (Ossuary)
  5 adders
  A worm zombie (D:4)
  4 adder zombies (Ossuary)
  2 dart slugs
  4 orcs
  4 ball pythons
  2 bats (D:1)
  2 endoplasms
  3 gnoll zombies (Ossuary)
  7 goblins
  6 hobgoblins
  3 jackals (D:1)
  A quokka (D:4)
  4 frilled lizards (D:1)
  2 hobgoblin zombies (Ossuary)
  A kobold (D:3)
  2 kobold zombies (Ossuary)
  2 orc zombies (Ossuary)
  3 rats
70 creatures vanquished.

Vanquished Creatures (others)
  Robin (D:5)
1 creature vanquished.

Grand Total: 99 creatures vanquished

Notes
Turn   | Place    | Note
-------+----------+-------------------------------------------
     0 | D:1      | AppTheSpectato the Deep Elf Summoner began the quest for
                  | the Orb.
     0 | D:1      | Reached XP level 1. HP: 10/10 MP: 6/6
   344 | D:1      | Found a faded altar of an unknown god.
   361 | D:1      | Reached XP level 2. HP: 15/15 MP: 5/8
   910 | D:2      | Reached skill level 4 in Spellcasting
   910 | D:2      | Reached skill level 5 in Summonings
   910 | D:2      | Reached XP level 3. HP: 7/19 MP: 6/10
   915 | D:2      | Learned a level 3 spell: Call Canine Familiar
   974 | D:2      | Identified the +5 spear "Ycimaell" {freeze, *Corrode rElec
                  | Str+2 Int+3}
  1577 | D:2      | Reached skill level 5 in Spellcasting
  1911 | D:3      | Reached XP level 4. HP: 21/24 MP: 13/13
  2455 | D:3      | Found a runed translucent gate.
  2456 | D:3      | Found a runed translucent gate.
  2456 | D:3      | Noticed JumpingJurisdiction's ghost (weakling TeSu)
  2457 | D:3      | Found a runed translucent gate.
  2459 | D:3      | Identified the +2 scale mail "Apres" {Fly rN+}
  2496 | D:3      | Killed JumpingJurisdiction's ghost
  2655 | D:4      | Reached XP level 5. HP: 24/28 MP: 14/14
  2887 | D:4      | Found a sand-covered staircase.
  2889 | D:4      | Noticed a black bear
  2908 | Ossuary  | Entered an ossuary
  2968 | Ossuary  | Reached XP level 6. HP: 29/32 MP: 15/15
  3132 | Ossuary  | Gained mutation: You have hidden genetic defects. [potion
                  | of mutation]
  3132 | Ossuary  | Gained mutation: You are dopey. (Int -2) [potion of
                  | mutation]
  3134 | Ossuary  | Lost mutation: You are dopey. (Int -2) [potion of mutation]
  3134 | Ossuary  | Lost mutation: You have hidden genetic defects. [potion of
                  | mutation]
  3134 | Ossuary  | Gained mutation: Your body sometimes deteriorates upon
                  | taking damage. [potion of mutation]
  3134 | Ossuary  | Gained mutation: Your mind is acute. (Int +4, Str/Dex -1)
                  | [potion of mutation]
  3164 | D:4      | Reached skill level 6 in Spellcasting
  3169 | D:4      | Learned a level 3 spell: Summon Guardian Golem
  3363 | D:5      | Entered Level 5 of the Dungeon
  3367 | D:5      | Noticed Ijyb
  3371 | D:5      | Noticed Robin
  3378 | D:5      | Reached XP level 7. HP: 24/36 MP: 19/19
  3380 | D:5      | Killed Ijyb
  3380 | D:5      | Killed Robin
  3381 | D:5      | Reached skill level 7 in Spellcasting
  3596 | D:5      | Reached skill level 1 in Conjurations
  3617 | D:5      | Found a staircase to the Ecumenical Temple.
  3623 | Temple   | Entered the Ecumenical Temple
  3644 | Temple   | Became a worshipper of Hepliaklqana the Forgotten
  3836 | D:5      | Reached skill level 8 in Spellcasting
  3998 | D:5      | Shot with an arrow by a centaur

Illustrated notes

Levels and vault maps discovered:
D:1:      psy_arrival_statuary, layout_loops_ring,
          shapermc_ecumenical_altar_starsandcircs, lemuel_flame_loot_1
D:2:      layout_basic
D:3:      layout_rooms, biasface_ghost_orc_armoury, st_stairs_6,
          minmay_misc_feat_chi
D:4:      layout_basic, enter_ossuary_3
D:5:      layout_basic, grunt_temple_overflow_champion_of_chaos,
          minmay_temple_entry_statues_pillars, serial_shops,
          kennysheep_mini_moat, nicolae_goblin_pals
Temple:   regret_index_temple_generic_petals

Skill      XL: |  1  2  3  4  5  6  7 |
---------------+----------------------+-----
Spellcasting   | 4 5 6 8 |  8.0
Summonings     | 5 6 7 |  7.5
Translocations | 2 |  2.0
Hexes          | 2 |  2.0
Conjurations   | 2 |  2.5
Dodging        | |  2.4
Stealth        | |  2.4

Action                     |  1- 3 |  4- 6 |  7- 9 || total
---------------------------+-------+-------+-------++-------
  Melee: Spear             |    25 |    66 |    15 ||   106
   Cast: Summon Small Mamm |    58 |    33 |       ||    91
         Call Canine Famil |       |    17 |    10 ||    27
         Summon Guardian G |       |     1 |     1 ||     2
    Use: Potion            |       |     3 |       ||     3
         Scroll            |       |     6 |       ||     6
   Stab: Distracted        |       |       |     1 ||     1
 Armour: Robe              |    12 |    32 |     8 ||    52
  Dodge: Dodged            |    28 |    28 |     2 ||    58

Table legend: (Time is in decaauts)
 A = Elapsed time spent in this place.
 B = Non-inter-level travel time spent in this place.
 C = Inter-level travel time spent in this place.
 D = Time resting spent in this place.
 E = Time spent auto-exploring this place.
 F = Levels seen in this place.
 G = Mean time per level.
                   A        B        C        D        E       F      G
               +--------+--------+--------+--------+--------+-----+--------+
         Total |   4008 |   3700 |    308 |    161 |   2544 |   7 |  572.6 |
       Dungeon |   3737 |   3465 |    272 |    155 |   2544 |   5 |  747.4 |
        Temple |     39 |      3 |     36 |      0 |      0 |   1 |   39.0 |
       Ossuary |    231 |    231 |      0 |      6 |      0 |   1 |  231.0 |
               +--------+--------+--------+--------+--------+-----+--------+

Top non-repeatable levels by time:
     D:1: 894 daAuts
     D:2: 891 daAuts
     D:3: 859 daAuts
     D:4: 594 daAuts
     D:5: 497 daAuts
 Ossuary: 231 daAuts
  Temple: 39 daAuts
